 Dungeon Crawl Stone Soup version 0.21.1-1-g345015f (webtiles) character file.

251823 Monsterracer the Warrior (level 19, -9/172 HPs)
             Began as a Grey Draconian Wizard on June 14, 2018.
             Was the Champion of Kikubaaqudgha.
             Killed from afar by Sojobo (33 damage)
             ... with a bolt of lightning
             ... on level 2 of the Vaults on June 15, 2018.
             The game lasted 01:55:29 (48551 turns).

Monsterracer the Warrior (Grey Draconian Wizard)   Turns: 48551, Time: 01:55:30

Health: -9/172     AC: 30    Str: 11    XL:     19   Next: 33%
Magic:  4/35       EV: 17    Int: 25    God:    Kikubaaqudgha [******]
Gold:   2155       SH: 12    Dex: 10    Spells: 9/43 levels left

rFire    + . .     SeeInvis +   b - staff of wizardry {!a}
rCold    . . .     Gourm    .   S - +1 shield {AC+3}
rNeg     . . .     Faith    .   (armour unavailable)
rPois    .         Spirit   .   J - +2 hat of Gehenna {MR+ SInv}
rElec    .         Reflect  .   y - +2 cloak
rCorr    .         Harm     .   d - +2 pair of gloves
MR       ++...                  (no boots)
Stlth    ++........             T - amulet of magic regeneration
HPRegen  1.38/turn              O - +4 ring of protection
MPRegen  0.49/turn              s - ring of protection from fire {!d}

@: very slightly contaminated, regenerating
A: walk through water, unfitting armour, unbreathing, cold-blooded, AC +15
}: 1/15 runes: decaying
a: Receive Corpses, Torment, Brand Weapon With Pain, Receive Necronomicon,
Renounce Religion


You were on level 2 of the Vaults.
You worshipped Kikubaaqudgha.
Kikubaaqudgha was exalted by your worship.
You were hungry.

You visited 7 branches of the dungeon, and saw 32 of its levels.

You collected 2530 gold pieces.
You spent 375 gold pieces at shops.

Inventory:

Hand Weapons
 a - the +6 trident "Zocwist Soacs" {drain, -Tele Int+4 Dex+3}
   (You found it on level 11 of the Dungeon)

   A truly terrible weapon, it drains the life of those it strikes.
   It affects your intelligence (+4).
   It affects your dexterity (+3).
   It prevents most forms of teleportation.
 w - the +10 dagger "Mytoun" {pierce, +Blink rElec SInv}
   (You found it on level 8 of the Dungeon)

   It inflicts extra damage upon your enemies.
   It insulates you from electricity.
   It lets you see invisible.
   It lets you blink.
Missiles
 n - a throwing net (quivered)
Armour
 d - a +2 pair of gloves (worn)
 p - a +2 hat of intelligence
 y - a +2 cloak (worn)
 H - the +1 hat "Surryph" {*Drain *Slow rF+ rC+++}
   (You found it on level 11 of the Dungeon)

   It protects you from fire.
   It renders you almost immune to cold.
   It causes draining when unequipped.
   It may slow you when you take damage.
 J - the +2 hat of Gehenna (worn) {MR+ SInv}
   (You found it on level 11 of the Dungeon)

   It affects your resistance to hostile enchantments.
   It lets you see invisible.
 S - a +1 shield of protection (worn)
Magical Staves
 b - an uncursed staff of wizardry (weapon) {!a}
Jewellery
 f - a +3 ring of intelligence
 q - an uncursed ring of ice
 s - a ring of protection from fire (right hand) {!d}
 I - an uncursed ring of wizardry
 O - a +4 ring of protection (left hand)
 T - an amulet of magic regeneration (around neck)
Wands
 i - a wand of acid (20)
 E - a wand of flame (56)
 P - a wand of paralysis (18)
 Q - a wand of digging (14)
Scrolls
 e - 5 scrolls of magic mapping {!r}
 g - 5 scrolls of enchant weapon
 j - 23 scrolls of teleportation
 o - a scroll of amnesia
 v - 9 scrolls of remove curse
 A - 15 scrolls of identify
 F - 2 scrolls of enchant armour
 G - 4 scrolls of fog
 K - 4 scrolls of noise
 R - a scroll of blinking
 V - a scroll of silence
 W - a scroll of fear {!r}
Potions
 k - 3 potions of agility
 l - 9 potions of might
 m - 6 potions of haste
 r - 5 potions of lignification
 t - 12 potions of curing
 u - 2 potions of heal wounds
 x - 4 potions of berserk rage {!q}
 z - 5 potions of magic
 C - 5 potions of mutation {!q}
 D - a potion of ambrosia {!q}
 L - a potion of invisibility
 M - 3 potions of brilliance
 N - 2 potions of cancellation
 U - 3 potions of flight
Miscellaneous
 B - a phantom mirror
Comestibles
 c - 40 rations


   Skills:
 + Level 16.0 Fighting
 - Level 14.0 Polearms
 + Level 12.2 Dodging
 - Level 1.7 Stealth
 + Level 11.3 Shields
 + Level 12.6 Spellcasting
 - Level 10.0 Conjurations
 - Level 5.0 Charms
 - Level 3.0 Summonings
 - Level 14.0 Necromancy
 - Level 4.0 Translocations
 - Level 10.0 Earth Magic


You had 9 spell levels left.
You knew the following spells:

 Your Spells              Type           Power        Failure   Level  Hunger
a - Bolt of Draining      Conj/Necr      ######....   1%          5    ###....
b - Conjure Flame         Conj/Fire      #####...     1%          3    None
d - Borgnjor's Vile Clut  Necr/Erth      ######....   1%          5    ###....
e - Blink                 Tloc           N/A          1%          2    None
f - Dispel Undead         Necr           ######..     1%          5    ###....
g - Animate Dead          Necr           N/A          1%          4    None
h - Spectral Weapon       Hex/Chrm       ####....     2%          3    None
j - Regeneration          Chrm/Necr      ######....   1%          3    None
t - Sublimation of Blood  Necr           ######....   1%          2    None
v - Summon Butterflies    Summ           ####....     1%          1    None
z - Apportation           Tloc           #####.       1%          1    None


Dungeon Overview and Level Annotations

Branches:
Dungeon (15/15)            Temple (1/1) D:6            Lair (6/6) D:8
  Swamp (4/4) Lair:3       Spider (0/4) Lair:4        Slime (0/5) Lair:6
    Orc (2/2) D:11            Elf (0/3) Orc:2        Vaults (2/5) D:14
 Depths (2/5) D:15
  Crypt: Vaults:2-3

Altars:
Ashenzari
Cheibriados
Dithmenos
Elyvilon
Fedhas
Gozag
Hepliaklqana
Kikubaaqudgha
Makhleb
Nemelex Xobeh
Okawaru
Qazlal
Ru
Sif Muna
Trog
Uskayaw
Vehumet
Wu Jian
Xom
Yredelemnul
Zin
The Shining One
Beogh
Jiyva

Shops:
D:9 !   Orc:2 [(?(   Depths:1 [

Portals:
Hell: Depths:1
Pandemonium: Depths:1
Ziggurat: Depths:1

Annotations:
Vaults:2 Sojobo


Innate Abilities, Weirdness & Mutations

You can walk through water.
Your dull iron-grey scales are very hard. (AC +15)
You cannot fit into any form of body armour.
You can survive without breathing.
You are cold-blooded and may be slowed by cold attacks.


Message History

The bolt of magma hits you! You partially resist.
* * * LOW HITPOINT WARNING * * *
The battlesphere fires!
The barrage of energy hits you!
* * * LOW HITPOINT WARNING * * *
You block the air elemental's attack.
You take 27 damage, and have 34/172 hp.
Casting: Bolt of Draining
Confirm with . or Enter, or press ? or * to list all spells.
Okay, then.
Casting: Bolt of Draining
Confirm with . or Enter, or press ? or * to list all spells.
Aiming: Bolt of Draining
Press: ? - help, Shift-Dir - straight line, f - Sojobo
Aim: Sojobo, wielding a great sword of electrocution and wearing a runed scale mail (almost dead, deflecting missiles, lightly drained)
The bolt of negative energy hits the air elemental.
The air elemental completely resists.
The bolt of negative energy misses Sojobo.
You are engulfed in raging winds.
You feel very sick.
* * * LOW HITPOINT WARNING * * *
The winds around the air elemental start to calm down.
You block the air elemental's attack. The air elemental hits you.
* * * LOW HITPOINT WARNING * * *
The air elemental barely misses you.
The air elemental hits you but does no damage.
You take 8 damage, and have 26/172 hp.
You now have 1/35 mp.
Casting: Bolt of Draining
Confirm with . or Enter, or press ? or * to list all spells.
Okay, then.
Okay, then.
Evoke which item? (* to show all) (? for menu, Esc to quit)
Okay, then.
Okay, then.
You don't have enough magic at the moment.
Unknown command.
b - an uncursed staff of wizardry (weapon)
{!a} You are engulfed in raging winds.
You feel sick.
The air elemental completely misses you.
The air elemental misses you.
The air elemental hits you but does no damage.
You take 1 damage, and have 25/172 hp.
Casting: Bolt of Draining
Confirm with . or Enter, or press ? or * to list all spells.
You don't have enough magic to cast that spell.
Okay, then.
Okay, then.
Unknown command.
Blink to where?
Press: ? - help, Dir - move target cursor, p - Sojobo You are very lightly contaminated with residual magic.
As you read the scroll of blinking, it crumbles to dust.
You feel sick. The tengu reaver casts a spell at you.
The fireball explodes!
The fireball engulfs you! You resist.
* * * LOW HITPOINT WARNING * * *
The battlesphere fires!
The barrage of energy hits you!
Sojobo barks orders to her subordinates.
You take 17 damage, and have 8/172 hp.
Evoke which item? (* to show all) (? for menu, Esc to quit)
Okay, then.
You feel better.
You float gracefully downwards.
You regained 12 hp, and now have 20/172 hp.
Casting: Bolt of Draining
Confirm with . or Enter, or press ? or * to list all spells.
Okay, then.
Evoke which item? (* to show all) (? for menu, Esc to quit)
Okay, then.
You block the air elemental's attack.
The air elemental closely misses you. x2
The air elemental misses you.
Evoke which item? (* to show all) (? for menu, Esc to quit)
Aiming: Corrosive Bolt
Press: ? - help, Shift-Dir - straight line The bolt of acid misses the air elemental.
The bolt of acid misses Sojobo.
The bolt of acid hits the tengu reaver.
The tengu reaver is splashed with acid.
The acid corrodes the tengu reaver!
The tengu reaver is almost dead.
The air elemental barely misses you. x2
The air elemental completely misses you.
The air elemental closely misses you. The air elemental barely misses you.
You block the air elemental's attack.
You regained 2 hp, and now have 23/172 hp.
Evoke which item? (* to show all) (? for menu, Esc to quit)
Aiming: Corrosive Bolt
Press: ? - help, Shift-Dir - straight line The bolt of acid hits the air elemental.
The air elemental is splashed with acid.
The acid corrodes the air elemental!
The air elemental is heavily damaged.
The bolt of acid misses Sojobo.
The bolt of acid hits the tengu reaver.
The tengu reaver is splashed with acid.
The acid corrodes the tengu reaver!
You kill the tengu reaver!
Kikubaaqudgha accepts your kill.
The battlesphere dissipates.
The air elemental closely misses you. x2
The air elemental hits you but does no damage.
You block the air elemental's attack. x2; The air elemental closely misses you.
Sojobo gestures at you while chanting.
The bolt of lightning hits the air elemental.
The air elemental completely resists.
The bolt of lightning hits you!
You die...
Kikubaaqudgha rasps: "You have failed me!
Welcome... death!"

###### #.....# .....#
#.....#
.....##########.....#
)....#.......##.....#
.....#.......##.....#
.....#.......##.....#
.....#.......##.....# ....
.....'.......##.@...# ....
######.......##EEE..# .....
#.......##.Q...# .....
#######'#######)...§#§.....
....................#).....
...........§......).'......
....................#..<...
....................#......
....................# .....


You could see Sojobo and 3 air elementals.

Vanquished Creatures
  Saint Roka (Orc:2)
  Jorgrun (Depths:2)
  A tentacled monstrosity (Depths:2)
  A thorn hunter (Swamp:2)
  Frances (Swamp:3)
  Gastronok (D:8)
  2 tengu reavers (Vaults:2)
  An azure jelly (Swamp:4)
  An iron dragon (Depths:2)
  9 vault wardens
  3 fire giants
  A deep elf sorcerer (Vaults:2)
  A frost giant (Vaults:2)
  An orc warlord (Orc:1)
  8 ironheart preservers
  8 stone giants
  4 very ugly things
  A deep elf demonologist (Vaults:2)
  A dire elephant (shapeshifter) (Depths:1)
  Snorg (Lair:5)
  4 ettins (Depths:1)
  A crystal guardian (Vaults:2)
  3 yaktaur captains
  8 great orbs of eyes
  6 fire dragons
  13 vault guards
  A ghost crab (Swamp:2)
  14 hydras
  4 ice dragons
  4 centaur warriors
  4 death yaks
  27 two-headed ogres
  A death knight (D:14)
  2 vampire magi
  The ghost of nicolaieve the Cleaver, a novice MiBe of Trog (Lair:1)
  2 deep troll shamans (Depths:1)
  12 ogre magi
  5 deep troll earth magi (Depths:1)
  4 tengu warriors
  5 alligators
  5 orc high priests (Orc:2)
  5 hell knights
  Urug (Orc:1)
  3 spriggans (Swamp:1)
  8 deep elf knights
  A fire crab (Lair:3)
  4 skeletal warriors
  4 unseen horrors
  8 deep trolls
  A spriggan druid (Swamp:3)
  3 glowing orange brains
  A flayed ghost (Depths:2)
  6 wizards
  4 deep elf archers
  A wolf spider zombie (D:14)
  5 swamp dragons
  4 ironbrand convokers
  2 shambling mangroves
  Pikel (D:5)
  12 orc knights
  An orb spider (Lair:4)
  4 necromancers
  8 deep elf magi
  A phantasmal warrior (D:14)
  4 orc sorcerers
  15 ugly things
  4 wolf spiders
  A manticore (shapeshifter) (Depths:1)
  Maurice (Orc:2)
  7 cyclopes
  A guardian serpent (Lair:6)
  A centaur zombie (D:15)
  A manticore (D:15)
  7 vault sentinels
  10 black mambas
  21 spiny frogs
  2 gargoyles
  A yaktaur (shapeshifter) (D:14)
  4 rime drakes
  3 centaur skeletons
  10 komodo dragons
  An efreet (D:15)
  6 freezing wraiths
  18 yaktaurs
  A tengu conjurer (D:14)
  2 komodo dragons (shapeshifter) (Depths:1)
  A queen bee (shapeshifter) (D:15)
  6 meliai (D:14)
  5 trolls
  6 tyrant leeches
  20 hornets
  42 slime creatures
  6 dream sheep (Lair:1)
  9 hippogriffs
  9 blink frogs
  9 bog bodies
  A redback (Lair:6)
  A spriggan skeleton (Depths:2)
  6 wraiths
  6 shadows
  A tarantella (shapeshifter) (Vaults:2)
  A basilisk (shapeshifter) (Vaults:2)
  16 wyverns
  52 yaks
  6 humans
  The ghost of sking99 the Chopper, an amateur HOFi (D:3)
  A human (shapeshifter) (Vaults:1)
  4 basilisks
  A steam dragon (D:12)
  3 swamp worm simulacra (Swamp:4)
  32 vampire mosquitoes
  2 soldier ants
  A harpy simulacrum (D:15)
  5 insubstantial wisps (Swamp:3)
  18 swamp worms
  4 acid dragons
  15 hydra simulacra (Swamp:4)
  3 wargs
  5 porcupines
  Duvessa (D:5)
  19 water moccasins
  3 black bears
  4 sky beasts
  2 ice beasts
  42 orc warriors
  4 phantoms
  11 swamp drakes
  29 ogres
  17 wolves
  8 boggarts
  10 centaurs
  8 crocodiles
  Blork the orc (D:9)
  17 bullfrogs
  4 big kobolds
  A gnoll sergeant (D:12)
  Dowan (D:5)
  5 scorpions
  6 killer bees (D:10)
  3 electric eels
  6 crimson imps
  A bullfrog zombie (D:5)
  A quasit (D:10)
  An iron imp (D:11)
  6 hounds
  A bullfrog skeleton (D:11)
  28 orc priests
  A gnoll shaman (Orc:1)
  7 iguanas
  21 orc wizards
  Natasha (D:4)
  9 worker ants
  2 centaur simulacra (D:8)
  A howler monkey zombie (D:4)
  A worker ant zombie (D:8)
  6 gnolls
  10 adders
  4 shadow imps
  3 white imps
  2 ufetubi (D:8)
  2 oozes (D:2)
  2 swamp drake simulacra (Swamp:4)
  2 adder skeletons
  4 worms
  2 dart slugs (D:2)
  5 leopard geckos
  123 orcs
  7 bats
  3 giant cockroaches
  4 goblins
  7 hobgoblins
  5 jackals
  30 kobolds
  3 quokkas
  4 frilled lizards
  A jackal skeleton (D:4)
  A jackal zombie (D:8)
  A quokka skeleton (D:6)
  7 rats
  3 fungi
  2 plants
1207 creatures vanquished.

Vanquished Creatures (collateral kills)
  A thorn hunter (Swamp:4)
  5 slime creatures (Swamp:4)
  A hornet (Swamp:4)
  A spriggan (Swamp:4)
  3 yaks (Lair:4)
  2 swamp worm simulacra (Swamp:4)
  A vampire mosquito (Swamp:4)
  A swamp drake simulacrum (Swamp:4)
15 creatures vanquished.

Vanquished Creatures (others)
  A centaur skeleton (D:15)
  A hornet (Swamp:2)
  A swamp worm (Swamp:3)
  A warg (Orc:1)
  An ice beast (D:5)
  A slave (D:5)
  11 fungi
  25 plants
42 creatures vanquished.

Grand Total: 1264 creatures vanquished

Notes
Turn   | Place    | Note
-------+----------+-------------------------------------------
     0 | D:1      | Monsterracer the Draconian Wizard began the quest for the Orb.
     0 | D:1      | Reached XP level 1. HP: 14/14 MP: 4/4
    37 | D:1      | HP: 7/14 [goblin/dagger (4)]
   404 | D:1      | Reached skill level 1 in Polearms
   873 | D:1      | Reached XP level 2. HP: 22/22 MP: 6/6
   878 | D:1      | Learned a level 2 spell: Blink
   903 | D:2      | Reached skill level 1 in Fighting
   940 | D:2      | HP: 11/23 [worm (12)]
   989 | D:2      | HP: 11/23 [dart slug/slug dart (1)]
  1304 | D:2      | Reached XP level 3. HP: 27/28 MP: 7/7
  1398 | D:2      | HP: 14/29 [ooze (2)]
  1587 | D:2      | Reached skill level 2 in Fighting
  1717 | D:2      | Reached XP level 4. HP: 36/36 MP: 8/8
  2036 | D:3      | Learned a level 3 spell: Conjure Flame
  2040 | D:3      | Learned a level 3 spell: Mephitic Cloud
  2220 | D:3      | Reached XP level 5. HP: 42/42 MP: 9/9
  2445 | D:3      | Found a bloodstained altar of Trog.
  2574 | D:3      | Noticed sking99's ghost (amateur HOFi)
  2783 | D:3      | Killed sking99's ghost
  2783 | D:3      | Reached skill level 3 in Fighting
  2783 | D:3      | Reached XP level 6. HP: 38/51 MP: 2/10
  3391 | D:4      | Found an iron altar of Okawaru.
  3497 | D:4      | HP: 24/51 [phantom (9)]
  3503 | D:4      | Reached skill level 5 in Polearms
  3836 | D:4      | Reached skill level 4 in Fighting
  3836 | D:4      | Your scales start taking on a dull iron-grey colour.
  3836 | D:4      | Reached XP level 7. HP: 54/59 MP: 11/11
  3836 | D:4      | Gained mutation: You can survive without breathing. [Grey Draconian growth]
  4213 | D:4      | Noticed Natasha
  4217 | D:4      | HP: 20/59 [ogre/giant club (25)]
  4223 | D:4      | HP: 16/59 [adder (5)]
  4296 | D:4      | HP: 17/59 [ogre/giant club (12)]
  4547 | D:4      | Killed Natasha
  4623 | D:4      | Found an ornate altar of the Wu Jian Council.
  4645 | D:5      | Entered Level 5 of the Dungeon
  4868 | D:5      | Noticed Pikel
  4889 | D:5      | Killed Pikel
  4889 | D:5      | Reached skill level 5 in Fighting
  4889 | D:5      | Reached XP level 8. HP: 69/69 MP: 6/12
  5083 | D:5      | Noticed Duvessa
  5085 | D:5      | Noticed Dowan
  5099 | D:5      | Killed Duvessa
  5114 | D:5      | Killed Dowan
  5560 | D:6      | Reached skill level 6 in Fighting
  5662 | D:6      | Reached skill level 5 in Conjurations
  5670 | D:6      | Found a glowing golden altar of the Shining One.
  5793 | D:6      | Found a staircase to the Ecumenical Temple.
  5843 | Temple   | Entered the Ecumenical Temple
  5852 | Temple   | Became a worshipper of Kikubaaqudgha
  6327 | D:6      | Reached XP level 9. HP: 46/77 MP: 7/13
  6338 | D:6      | Reached skill level 1 in Necromancy
  6359 | D:6      | HP: 36/78 [yak (4)]
  6906 | D:7      | Paralysed by a hornet for 3 turns
  6909 | D:7      | HP: 39/78 [poisoned by a hornet]
  6910 | D:7      | HP: 11/78 [hornet (9)]
  6914 | D:7      | HP: 5/117 [hornet (1)]
  6919 | D:7      | HP: 4/175 [poisoned by a hornet]
  6922 | D:7      | HP: 1/117 [poisoned by a hornet]
  6927 | D:7      | HP: 14/117 [poisoned by a hornet]
  6932 | D:7      | HP: 8/78 [poisoned by a hornet]
  6939 | D:7      | HP: 7/78 [poisoned by a hornet]
  7332 | D:7      | Reached skill level 7 in Fighting
  7674 | D:7      | Reached * piety under Kikubaaqudgha
  7674 | D:7      | Identified Kikubaaqudgha's Incunabulum of Evil Magic (Kikubaaqudgha gifted it to you on level 7 of the Dungeon)
  7674 | D:7      | Received a gift from Kikubaaqudgha
  7679 | D:7      | Learned a level 2 spell: Sublimation of Blood
  7729 | D:7      | Reached XP level 10. HP: 79/86 MP: 14/14
  8141 | D:8      | Noticed a death yak
  8183 | D:8      | HP: 43/86 [death yak (6)]
  8184 | D:8      | Killed a death yak
  8184 | D:8      | Reached skill level 10 in Polearms
  8403 | D:8      | Noticed Gastronok
  8421 | D:8      | Killed Gastronok
  8421 | D:8      | Reached skill level 8 in Fighting
  8660 | D:8      | Noticed a two-headed ogre
  8660 | D:8      | Noticed a cyclops
  9032 | D:8      | Got a scorched dagger
  9185 | D:8      | Found a staircase to the Lair.
  9187 | D:8      | Identified the +10 dagger "Mytoun" {pierce, +Blink rElec SInv} (You found it on level 8 of the Dungeon)
  9469 | D:9      | Reached skill level 5 in Dodging
  9530 | D:9      | Found Raqyor's Distillery.
  9569 | D:9      | Bought a potion of curing for 45 gold pieces
  9569 | D:9      | Bought 2 potions of heal wounds for 150 gold pieces
  9580 | D:9      | Noticed Blork the orc
  9602 | D:9      | Killed Blork the orc
  9605 | D:9      | Found a deep blue altar of Sif Muna.
  9647 | D:9      | Reached XP level 11. HP: 95/95 MP: 14/17
  9711 | D:9      | Reached ** piety under Kikubaaqudgha
  9988 | D:9      | Reached skill level 5 in Necromancy
 10280 | D:10     | Entered Level 10 of the Dungeon
 10439 | D:10     | Found a blossoming altar of Fedhas.
 10559 | Lair:1   | Entered Level 1 of the Lair of Beasts
 10598 | Lair:1   | Reached *** piety under Kikubaaqudgha
 10598 | Lair:1   | Identified Kikubaaqudgha's Incunabulum of Evil Rites (Kikubaaqudgha gifted it to you on level 1 of the Lair of Beasts)
 10598 | Lair:1   | Received a gift from Kikubaaqudgha
 10618 | Lair:1   | Learned a level 5 spell: Borgnjor's Vile Clutch
 10799 | Lair:1   | Reached skill level 5 in Spellcasting
 10837 | Lair:1   | Noticed nicolaieve's ghost (novice MiBe)
 11015 | Lair:1   | HP: 45/95 [nicolaieve's ghost (12)]
 11052 | Lair:1   | Killed nicolaieve's ghost
 11052 | Lair:1   | Reached skill level 1 in Earth Magic
 11255 | Lair:1   | Reached skill level 9 in Fighting
 12784 | Lair:1   | Learned a level 5 spell: Dispel Undead
 13037 | Lair:2   | HP: 48/97 [spiny frog (4)]
 13042 | Lair:2   | HP: 26/97 [poisoned by a spiny frog]
 13047 | Lair:2   | Reached XP level 12. HP: 23/105 MP: 12/20
 13047 | Lair:2   | HP: 23/105 [poisoned by a spiny frog]
 13053 | Lair:2   | HP: 18/105 [poisoned by a spiny frog]
 13058 | Lair:2   | HP: 16/105 [poisoned by a spiny frog]
 13063 | Lair:2   | HP: 15/105 [poisoned by a spiny frog]
 13068 | Lair:2   | HP: 14/105 [poisoned by a spiny frog]
 13076 | Lair:2   | HP: 14/105 [poisoned by a spiny frog]
 13562 | Lair:2   | Noticed an eight-headed hydra
 13622 | Lair:2   | Killed an eight-headed hydra
 13622 | Lair:2   | Reached **** piety under Kikubaaqudgha
 13861 | Lair:2   | Noticed a seven-headed hydra
 13885 | Lair:2   | Killed a seven-headed hydra
 14648 | Lair:3   | Reached skill level 5 in Earth Magic
 15023 | Lair:3   | Found a staircase to the Swamp.
 15266 | Lair:3   | HP: 52/106 [fire crab (9)]
 16063 | Lair:3   | Found the +5 robe of Night {Dark MR+ SInv}
 16277 | Lair:4   | Reached skill level 10 in Fighting
 16306 | Lair:4   | Found a hole to the Spider Nest.
 17673 | Lair:5   | Reached XP level 13. HP: 110/113 MP: 17/23
 17678 | Lair:5   | Noticed Snorg
 17692 | Lair:5   | Killed Snorg
 17995 | Lair:5   | HP: 48/114 [five-headed hydra (16)]
 18721 | Lair:6   | Entered Level 6 of the Lair of Beasts
 18911 | Lair:6   | Found a viscous altar of Jiyva.
 18912 | Lair:6   | Found a staircase to the Slime Pits.
 18950 | Lair:6   | Reached ***** piety under Kikubaaqudgha
 18951 | Lair:6   | HP: 40/114 [death yak (20)]
 18955 | Lair:6   | HP: 13/114 [death yak (28)]
 19091 | Lair:6   | HP: 46/114 [death yak (7)]
 19104 | Lair:6   | HP: 26/114 [death yak (22)]
 20286 | Lair:6   | Reached skill level 11 in Fighting
 21170 | Lair:6   | Reached skill level 10 in Earth Magic
 21326 | Lair:6   | Reached skill level 10 in Necromancy
 21328 | Lair:6   | HP: 57/116 [poisoned by a spiny frog]
 21333 | Lair:6   | HP: 49/116 [poisoned by a spiny frog]
 21338 | Lair:6   | HP: 44/116 [poisoned by a spiny frog]
 21343 | Lair:6   | HP: 40/116 [poisoned by a spiny frog]
 21349 | Lair:6   | HP: 37/116 [poisoned by a spiny frog]
 21354 | Lair:6   | HP: 36/116 [poisoned by a spiny frog]
 21360 | Lair:6   | HP: 36/116 [poisoned by a spiny frog]
 21368 | Lair:6   | HP: 36/116 [poisoned by a spiny frog]
 21982 | Lair:6   | Noticed a fire dragon
 21998 | Lair:6   | Killed a fire dragon
 21998 | Lair:6   | Reached XP level 14. HP: 85/124 MP: 15/25
 22202 | Lair:6   | Learned a level 4 spell: Animate Dead
 24571 | D:11     | Got a warped trident
 24600 | D:11     | Identified the +6 trident "Zocwist Soacs" {drain, -Tele Int+4 Dex+3} (You found it on level 11 of the Dungeon)
 24765 | D:11     | Got a distressingly furry hat
 24766 | D:11     | Identified the +1 hat "Surryph" {*Drain *Slow rF+ rC+++} (You found it on level 11 of the Dungeon)
 24768 | D:11     | Got a scorched hat
 24849 | D:11     | Identified the +2 hat of Gehenna {MR+ SInv} (You found it on level 11 of the Dungeon)
 24895 | D:11     | Found a staircase to the Orcish Mines.
 25137 | Orc:1    | Entered Level 1 of the Orcish Mines
 25140 | Orc:1    | Reached ****** piety under Kikubaaqudgha
 25156 | Orc:1    | Learned a level 5 spell: Bolt of Draining
 25249 | Orc:2    | Entered Level 2 of the Orcish Mines
 25249 | Orc:2    | Noticed an orc warlord
 25299 | Orc:1    | HP: 60/125 [orc warlord/enchanted halberd (7)]
 25301 | Orc:1    | Killed an orc warlord
 25301 | Orc:1    | Reached skill level 12 in Fighting
 25428 | Orc:2    | Noticed Saint Roka
 25432 | Orc:2    | HP: 59/126 [troll[Saint Roka] (8)]
 25656 | Orc:1    | HP: 54/126 [orc warrior/long sword (12)]
 26146 | Orc:2    | Killed Saint Roka
 26395 | Orc:1    | Noticed Urug
 26397 | Orc:1    | HP: 42/126 [Urug/javelin (22)]
 26545 | Orc:2    | Found a roughly hewn altar of Beogh.
 26704 | Orc:1    | Noticed Maurice
 26715 | Orc:2    | Killed Maurice
 26837 | Orc:1    | Killed Urug
 27985 | Orc:2    | Found a staircase to the Elven Halls.
 28773 | Orc:2    | Found Nagos's Armour Emporium.
 28776 | Orc:2    | Found Ytze Zick's Antique Weapon Emporium.
 28777 | Orc:2    | Found Pylid's Antique Weapon Emporium.
 28778 | Orc:2    | Found Cyip's Magic Scroll Shoppe.
 28784 | Orc:2    | Bought a scroll of blinking for 75 gold pieces
 28784 | Orc:2    | Bought a scroll of teleportation for 30 gold pieces
 28784 | Orc:2    | Bought a scroll of enchant armour for 75 gold pieces
 29243 | D:12     | Reached XP level 15. HP: 134/134 MP: 21/27
 30633 | D:13     | Learned a level 3 spell: Regeneration
 31718 | D:14     | HP: 61/134 [meliai/divine providence (16)]
 32930 | D:14     | Found a gate to the Vaults.
 33212 | D:15     | Entered Level 15 of the Dungeon
 33465 | D:15     | Found the +7 sceptre of Torment
 33799 | D:15     | Found a blossoming altar of Fedhas.
 33926 | D:15     | Found an iron altar of Okawaru.
 34043 | D:15     | Reached skill level 13 in Fighting
 34112 | D:15     | HP: 46/135 [titanic slime creature (57)]
 34172 | D:15     | HP: 49/135 [very large slime creature (16)]
 34178 | D:15     | HP: 33/135 [enormous slime creature (8)]
 34910 | D:15     | Found a staircase to the Depths.
 35133 | Depths:1 | Entered Level 1 of the Depths
 35149 | D:15     | HP: 39/135 [fire dragon/blast of flame (33)]
 35150 | D:15     | Reached skill level 10 in Dodging
 35750 | Depths:1 | Got a smoking falchion
 35838 | Depths:1 | Paralysed by a great orb of eyes for 6 turns
 35843 | Depths:1 | Noticed a fire giant
 35856 | Depths:1 | Killed a fire giant
 35912 | Depths:1 | Reached XP level 16. HP: 141/144 MP: 2/29
 36164 | Depths:1 | Reached skill level 10 in Spellcasting
 36178 | Depths:1 | HP: 63/144 [deep troll (16)]
 36512 | Depths:1 | Found a gateway to a ziggurat.
 36553 | Depths:1 | Paralysed by a great orb of eyes for 4 turns
 36636 | Depths:1 | HP: 71/145 [yaktaur/bolt (22)]
 36646 | Depths:1 | HP: 47/145 [yaktaur (6)]
 36968 | Depths:1 | Reached skill level 1 in Shields
 37254 | Depths:1 | Found a white marble altar of Elyvilon.
 37256 | Depths:1 | Found a one-way gate leading to the halls of Pandemonium.
 37459 | Depths:1 | Found a gateway to Hell.
 37553 | Depths:1 | Found Cestec's Antique Armour Emporium.
 37833 | Depths:2 | Reached skill level 5 in Shields
 38256 | Depths:2 | Paralysed by a great orb of eyes for 2 turns
 38716 | Depths:2 | Reached skill level 10 in Conjurations
 38743 | Depths:2 | HP: 66/145 [yaktaur/bolt (26)]
 38831 | Depths:2 | Reached skill level 14 in Fighting
 38906 | Depths:2 | Reached XP level 17. HP: 130/152 MP: 27/31
 38917 | Depths:2 | Learned a level 3 spell: Spectral Weapon
 38976 | Depths:2 | Noticed a tentacled monstrosity
 38988 | Depths:2 | Killed a tentacled monstrosity
 39056 | Depths:2 | Reached skill level 1 in Charms
 39069 | Depths:1 | HP: 62/152 [hell knight simulacrum (23)]
 39536 | Depths:2 | Noticed Jorgrun
 39545 | Depths:2 | Killed Jorgrun
 39562 | Depths:2 | HP: 68/152 [spriggan air mage/bolt of lightning (33)]
 39569 | Depths:2 | HP: 58/152 [crimson imp/wand of flame (38) (6)]
 39569 | Depths:2 | Paralysed by a sphinx for 2 turns
 40178 | Swamp:1  | Entered Level 1 of the Swamp
 40923 | Swamp:1  | Learned a level 1 spell: Apportation
 40925 | Swamp:1  | Learned a level 1 spell: Summon Butterflies
 41335 | Swamp:2  | Paralysed by a hornet for 2 turns
 41339 | Swamp:2  | HP: 74/154 [bog body (15)]
 41345 | Swamp:2  | HP: 69/154 [poisoned by a hornet]
 41350 | Swamp:2  | HP: 70/154 [poisoned by a hornet]
 41355 | Swamp:2  | HP: 74/154 [poisoned by a hornet]
 41606 | Swamp:2  | Paralysed by a hornet for 1 turns
 41957 | Swamp:2  | HP: 76/154 [poison (poison gas)]
 41962 | Swamp:2  | HP: 68/154 [poison (poison gas)]
 41967 | Swamp:2  | HP: 64/154 [poison (poison gas)]
 41972 | Swamp:2  | HP: 63/154 [poison (poison gas)]
 41977 | Swamp:2  | HP: 63/154 [poison (poison gas)]
 41982 | Swamp:2  | HP: 66/154 [poison (poison gas)]
 41987 | Swamp:2  | HP: 70/154 [poison (poison gas)]
 41992 | Swamp:2  | HP: 75/154 [poison (poison gas)]
 42579 | Swamp:3  | Noticed Frances
 42599 | Swamp:3  | Killed Frances
 42841 | Swamp:3  | Found a basalt altar of Yredelemnul.
 42952 | Swamp:3  | Paralysed by a hornet for 2 turns
 43300 | Swamp:3  | HP: 77/154 [insubstantial wisp/static electricity (6)]
 43306 | Swamp:3  | HP: 60/154 [insubstantial wisp/static electricity (6)]
 43853 | Swamp:4  | Entered Level 4 of the Swamp
 43889 | Swamp:4  | HP: 53/154 [enormous slime creature (57)]
 43893 | Swamp:4  | HP: 24/154 [enormous slime creature (32)]
 43898 | Swamp:4  | HP: 41/154 [thorn hunter/volley of thorns (6)]
 43899 | Swamp:4  | HP: 12/154 [thorn hunter/volley of thorns (30)]
 43932 | Swamp:4  | HP: 74/154 [vampire mosquito (2)]
 44041 | Swamp:4  | HP: 69/154 [eight-headed hydra simulacrum (12)]
 44473 | Swamp:4  | Reached XP level 18. HP: 101/162 MP: 14/33
 45181 | Swamp:4  | Got a decaying rune of Zot
 45600 | Vaults:1 | Entered Level 1 of the Vaults
 46003 | Vaults:1 | Reached skill level 15 in Fighting
 46195 | Vaults:1 | Reached skill level 10 in Shields
 46212 | Vaults:1 | Reached skill level 5 in Charms
 47854 | Vaults:2 | HP: 78/165 [crystal guardian/crystal bolt (11)]
 47859 | Vaults:2 | HP: 31/165 [crystal guardian/crystal bolt (14)]
 47865 | Vaults:2 | HP: 36/165 [poisoned by an ogre mage (bolt of poison)]
 47871 | Vaults:2 | HP: 41/165 [poisoned by an ogre mage (bolt of poison)]
 47878 | Vaults:2 | HP: 48/165 [poisoned by an ogre mage (bolt of poison)]
 47886 | Vaults:2 | HP: 57/165 [poisoned by an ogre mage (bolt of poison)]
 48073 | Vaults:2 | Reached XP level 19. HP: 166/172 MP: 26/35
 48126 | Vaults:2 | HP: 80/172 [ogre mage/bolt of fire (18)]
 48152 | Vaults:2 | HP: 76/172 [ironheart preserver/mace[a vault warden] (3)]
 48163 | Vaults:2 | HP: 69/172 [cyclops/large rock (10)]
 48366 | Vaults:2 | Reached skill level 16 in Fighting
 48523 | Vaults:2 | Noticed Sojobo
 48542 | Vaults:2 | HP: 67/172 [tengu reaver/bolt of poison[Sojobo] (25)]
 48545 | Vaults:2 | HP: 33/172 [poisoned by a tengu reaver (bolt of poison)]
 48547 | Vaults:2 | HP: 8/172 [tengu reaver/fireball[Sojobo] (17)]
 48551 | Vaults:2 | Killed from afar by Sojobo

Skill      XL: |  1  2  3  4  5  6  7  8  9 10 11 12 13 14 15 16 17 18 19 |
---------------+----------------------------------------------------------+-----
Polearms       | 1 2 3 4 5 7 8 9 10 12 13 14 | 14.0
Fighting       | 1 2 3 4 5 6 7 8 9 10 11 12 13 14 15 16 | 16.0
Conjurations   | 2 4 5 6 7 9 10 | 10.0
Dodging        | 2 3 5 6 7 8 9 10 11 12 | 12.2
Necromancy     | 3 4 6 8 10 11 12 13 14 | 14.0
Translocations | 3 4 |  4.0
Spellcasting   | 4 5 6 7 8 9 10 11 12 | 12.6
Earth Magic    | 3 7 10 | 10.0
Shields        | 8 9 10 11 | 11.3
Charms         | 4 5 |  5.0
Summonings     | 3 |  3.0
Stealth        | |  1.7

Action                   |  1- 3 |  4- 6 |  7- 9 | 10-12 | 13-15 | 16-18 | 19-21 || total
-------------------------+-------+-------+-------+-------+-------+-------+-------++-------
Melee: Spear             |    86 |   195 |   333 |  1153 |   662 |       |       ||  2429
       Tailslap          |     2 |    11 |    23 |    74 |   145 |   136 |    12 ||   403
       Trident           |       |       |       |       |   836 |  1131 |    77 ||  2044
       Staff             |       |       |       |       |       |     2 |       ||     2
Throw: Throwing net      |       |       |       |       |     1 |       |       ||     1
 Cast: Conjure Flame     |       |     3 |     6 |    27 |     5 |       |       ||    41
       Mephitic Cloud    |       |     1 |     9 |     8 |     1 |       |       ||    19
       Magic Dart        |       |     1 |    10 |    29 |     4 |       |       ||    44
       Blink             |       |       |       |     8 |     6 |     2 |       ||    16
       Borgnjor's Vile C |       |       |       |    26 |   143 |   143 |    20 ||   332
       Bolt of Draining  |       |       |       |       |    45 |    87 |    10 ||   142
       Regeneration      |       |       |       |       |     6 |    57 |     7 ||    70
       Dispel Undead     |       |       |       |       |       |    43 |       ||    43
       Animate Dead      |       |       |       |       |       |     1 |       ||     1
       Summon Butterflie |       |       |       |       |       |     1 |       ||     1
Invok: Receive Corpses   |       |       |       |       |       |     1 |       ||     1
Evoke: Wand              |       |       |       |       |       |       |     2 ||     2
  Use: Scroll            |       |    11 |     2 |     5 |    14 |     8 |     1 ||    41
       Potion            |       |       |     5 |       |     1 |     4 |     1 ||    11
 Stab: Sleeping          |     3 |     3 |     7 |    10 |     6 |       |       ||    29
       Confused          |       |       |     7 |    15 |       |       |       ||    22
       Distracted        |       |       |     3 |     1 |     2 |       |       ||     6
  Eat: Chunk             |     2 |     8 |    10 |    36 |    63 |    54 |     3 ||   176
       Ration            |       |       |     1 |     1 |     8 |     3 |       ||    13
Armor: Skin              |    13 |    40 |    53 |   189 |   369 |   397 |    29 ||  1090
Dodge: Dodged            |    35 |    62 |    95 |   351 |   763 |   536 |    73 ||  1915
Block: Shield            |       |       |       |       |       |   423 |    54 ||   477

Vault maps used:
D:1:      saegor_arrival_miasma
D:3:      bloody_trog, minivault_25
D:4:      lemuel_coloured_pillars_altar, first_ration, okawaru_gym_becter,
          uniq_natasha
D:5:      uniq_pikel, uniq_duvessa
D:6:      kennysheep_mini_moat, minmay_temple_entry_purple_smoke
D:7:      minmay_ruffians
D:8:      lair_entry_dummy, serial_ice, serial_ice_o, serial_ice_k,
          serial_ice_h, serial_ice_b, serial_ice_c, serial_ice_m,
          lightli_corner_chamber, uniq_gastronok
D:9:      tgw_sif, serial_shops, shop
D:10:     basic_altar, hangedman_pestilent_swarm
D:11:     orc_0_dummy, hangedman_minor_magic
D:14:     grunt_vaults_entry_fortified, solitary_fountain, feat_on_display
D:15:     gammafunk_enter_depths_forms, basic_altar, fedhas_altar_1
Temple:   nicolae_temple_no_exploring_needed
Lair:3:   minmay_swamp_entry_swarm, infiniplex_staircase_pool_2
Lair:4:   nicolae_spider_entry_orb_guardian, grunt_forest_small_clearings,
          serial_bayou_shore_b
Lair:5:   serial_bayou_shore_a, lemuel_fruit_tree, grunt_megastairs_4,
          uniq_snorg
Lair:6:   guppyfry_lair_end_dragon, hangedman_lair_tendril_chambers,
          slime_altar_1, minivault_19, infiniplex_staircase_pool
Swamp:1:  hangedman_swamp_ruin_wall, grunt_witch_cave
Swamp:2:  evilmike_swamp_ruin_house_6, uniq_frances
Swamp:3:  nicolae_swamp_godswood, swamp_pool1
Swamp:4:  swamp_icy, nicolae_swamp_triple_paths
Orc:1:    uniq_urug, uniq_maurice
Orc:2:    st_orc_pillars, basic_altar, uniq_saint_roka
Vaults:1: dpeg_vaults_monster_row, ontoclasm_vaults_misaligned,
          nicolae_vaults_big_ls, hangedman_vaults_slice, st_lines,
          vaults_room_fours, vaults_room_grunt_arrival_checkpoint,
          vaults_room_grunt_arrival_ludios
Vaults:2: nicolae_vaults_sealed_display, nicolae_vaults_little_squares_1,
          st_quartered_hall, ontoclasm_vaults_ligature,
          nicolae_vaults_network_periphery, v_alt_pattern_6,
          hangedman_vaults_pinch, vaults_standard_mumra_x,
          nicolae_vaults_border_crossing, vaults_room_fancy_cross, serial_shops,
          shop_fountains, uniq_sojobo
Depths:1: enter_ziggurat_c, serial_shops, shop, pf_coc_iceberg,
          old_standard_altar, pan_entry, kennysheep_four_rooms
Depths:2: minmay_octagon_city, pf_dread_powers_of_hell,
          minmay_misc_feat_columns, abyss_entry_small_statue_room, uniq_jorgrun
